 Dungeon Crawl Stone Soup version 0.15.2 (webtiles) character file.

106 NTAmi the Chiller (level 4, -4/33 HPs)
             Began as a Ghoul Ice Elementalist on Feb 26, 2015.
             Was an Initiate of Vehumet.
             Killed from afar by an orc wizard (7 damage)
             ... with a magic dart
             ... on Level 3 of the Dungeon.
             The game lasted 00:47:27 (3603 turns).

NTAmi the Chiller (Ghoul Ice Elementalist)          Turns: 3603, Time: 00:47:27

HP  -4/33        AC  4     Str 11      XL: 4   Next: 84%
MP   0/8         EV 12     Int 11      God: Vehumet [......]
Gold 144         SH  0     Dex  9      Spells:  2 memorised,  6 levels left

rFire  . . .     SeeInvis .     p - -1 dagger (curse)
rCold  + . .     Clarity  .     A - +0 robe
rNeg   + + +     rCorr    .     (no shield)
rPois  +         rRot     +     (no helmet)
rElec  .         Spirit   .     (no cloak)
SustAb .         Warding  .     (no gloves)
rMut   .         Stasis   .     (no boots)
Saprov + + +                    (no amulet)
MR     .....                    K - ring of stealth
                                t - +2 ring of protection

@: confused, flying, rotting, not resistant to hostile enchantments, unstealthy
A: rotting body, claws 1, carnivore 3, cold resistance 1, negative energy
resistance 3, poison resistance, saprovore 3, slow healing 1, torment
resistance, unbreathing
a: Renounce Religion


You were on level 3 of the Dungeon.
You worshipped Vehumet.
Vehumet was noncommittal.
You were not hungry.

You visited 1 branch of the dungeon, and saw 3 of its levels.

You collected 144 gold pieces.

Inventory:

Hand weapons
 c - a +0 dagger
 e - a +0 dagger
 f - a +0 short sword
 h - a +0 dagger
 l - a +0 short sword
 p - a cursed -1 dagger (weapon)
 q - a +0 short sword
 s - a +0 dagger
 v - a +0 quarterstaff
 y - a +0 short sword
 z - a cursed +0 short sword
 B - a +0 long sword
 I - a +0 dagger
 J - a +0 short sword
 L - a +0 short sword
 P - a +0 dagger
 T - a +0 hunting sling
 W - a +0 dagger
Missiles
 i - 18 bolts of penetration
 k - 18 arrows
 o - 74 stones (quivered)
 w - 37 bolts
 G - 8 bolts of frost
Armour
 A - a +0 robe (worn)
Comestibles
 u - a beef jerky
Scrolls
 d - a scroll of fear
 C - 2 scrolls of identify
 U - a scroll of amnesia
Jewellery
 t - a +2 ring of protection (left claw)
 K - a ring of stealth (right claw)
Books
 b - a book of Frost

   Spells                             Type                      Level
   *Freeze                            Ice                          1
   *Throw Frost                       Conjuration/Ice              2
   Ozocubu's Armour                   Charms/Ice                   3
   Throw Icicle                       Conjuration/Ice              4
   Summon Ice Beast                   Ice/Summoning                4
   Condensation Shield                Ice                          4


   Skills:
 + Level 2.1 Dodging
 + Level 2.1 Stealth
 * Level 3.1 Spellcasting
 * Level 1.2 Conjurations
 + Level 4.2 Ice Magic


You had 6 spell levels left.
You knew the following spells:

 Your Spells              Type           Power        Failure   Level  Hunger
a - Freeze                Ice            ##..         4%          1    #......
b - Throw Frost           Conj/Ice       #.....       14%         2    ###....


Dungeon Overview and Level Annotations

Branches:
Dungeon (3/15)

Altars:
Elyvilon
Fedhas
Qazlal
Vehumet
Xom
The Shining One


Innate Abilities, Weirdness & Mutations

Your body is rotting away.
You have sharp fingernails.
You are carnivorous and can eat meat at any time.
Your flesh is cold resistant.
You are immune to negative energy.
Your system is resistant to poisons.
You thrive on rotten meat.
You heal slowly when monsters are visible.
You are immune to unholy pain and torment.
You can survive without breathing.


Message History

* * * LOW HITPOINT WARNING * * *
Casting: Freeze
Confirm with . or Enter, or press ? or * to list all spells.
Aiming: Freeze
Press: ? - help, Shift-Dir - straight line, f - you You freeze something.
Something hits you.
* * * LOW HITPOINT WARNING * * *
You closely miss something. Something hits you but does no damage.
You miss something.
You hear some strange, mumbled words.
You are confused.
Ouch! Something hits you.
* * * LOW HITPOINT WARNING * * *
You're too confused!
You completely miss something. Something hits you but does no damage.
Unknown command.
You closely miss something.
You hear some strange, mumbled words.
The magic dart hits you!
You die...

#...# #....####............
###.######%#### #............
#........<# ####............
#..######## #...#........... #.%#
#..........<.... ##..#
#...##.###..>... #...# ##.###.#
#...... #.#.############.##..#
#...... #.#..(..).(..@(#.##..#
#......
#.#.##########.#.##..###......
#.#.# #.#.##...##......
#.#.#********#..#########.....
***#.#..,,.........#.8.8.8.8.....
,,,...#**,*######..#..........###
***...* *,,,>,,,...#.............
*,,,***,*****##..#..........###
*,,*,,,** #..#..........#


There were no monsters in sight!

Vanquished Creatures
  3 adders
  2 oozes (D:1)
  7 orcs (D:3)
  7 hobgoblins
  7 jackals
  A ball python (D:1)
  5 bats (D:1)
  6 giant cockroaches
  6 giant newts
  10 goblins
  6 kobolds
  10 rats
70 creatures vanquished.

Notes
Turn   | Place    | Note
--------------------------------------------------------------
     0 | D:1      | NTAmi, the Ghoul Ice Elementalist, began the quest for the Orb.
     0 | D:1      | Reached XP level 1. HP: 14/14 MP: 2/2
   281 | D:1      | Reached XP level 2. HP: 12/20 MP: 0/3
   881 | D:1      | Reached XP level 3. HP: 26/26 MP: 4/6
  1124 | D:1      | Learned a level 2 spell: Throw Frost
  1774 | D:2      | Reached skill level 4 in Ice Magic
  1979 | D:2      | Found a white marble altar of Elyvilon.
  1980 | D:2      | Found a shimmering altar of Xom.
  1983 | D:2      | Found a radiant altar of Vehumet.
  1983 | D:2      | Found a stormy altar of Qazlal.
  1984 | D:2      | Found a glowing golden altar of the Shining One.
  1985 | D:2      | Found a blossoming altar of Fedhas.
  2298 | D:2      | Became a worshipper of Vehumet
  2371 | D:3      | Reached XP level 4. HP: 33/33 MP: 0/7
  2678 | D:3      | Reached skill level 1 in Conjurations
  3603 | D:3      | Killed from afar by an orc wizard

Action                   |  1- 3 |  4- 6 || total
-------------------------+-------+-------++-------
Melee: Unarmed           |    22 |       ||    22
       Short sword       |    11 |    12 ||    23
       Club              |    26 |     1 ||    27
       Dagger            |       |    13 ||    13
Throw: Stone             |    23 |    29 ||    52
       Tomahawk          |       |    15 ||    15
 Cast: Freeze            |    69 |    29 ||    98
       Throw Frost       |     2 |    18 ||    20
  Use: Potion            |     1 |     6 ||     7
       Scroll            |     2 |     4 ||     6
 Stab: Sleeping          |     3 |       ||     3
       Distracted        |       |     1 ||     1
  Eat: Chunk             |    29 |    17 ||    46
